[Event "FIDE World Rapid Chess Championship 2021"]
[White "Vastrukhin, Oleg"]
[Black "Pichot, Alan"]
[WhiteFideId "4192770"]
[BlackFideId "110973"]
[WhiteElo "2382"]
[BlackElo "2523"]
[Result "0-1"]
[Round "13"]
[TimeControl "900+10"]
[Date "2021.12.28"]
[WhiteClock "0:00:16"]
[BlackClock "0:01:36"]

1. Nf3 d5 2. g3 b6 3. Bg2 Bb7 4. O-O Nf6 5. d3 e6 6. Nbd2 c5 7. e4 Be7 8. Re1 Nc6 9. e5 Nd7 10. h4 Qc7 11. Qe2 O-O 12. h5 h6 13. c4 Rfe8 14. Nf1 Bf8 15. Bf4 Ne7 16. Ne3 Rad8 17. Rac1 Bc6 18. b3 Qb7 19. g4 g5 20. hxg6 Nxg6 21. Bg3 d4 22. Nf5 Ndxe5 23. Nxe5 Bxg2 24. Nh4 Bc6 25. Nexg6 fxg6 26. Nxg6 Bf3 27. Qe5 Bg7 28. Qh5 Qf7 29. Be5 Kh7 30. Nf4 Rd7 31. Qh2 Bxg4 32. f3 Bxf3 33. Kf2 Bg4 34. Qg3 Qf5 35. Bxg7 Rxg7 36. Re4 e5 37. Rce1 Rf8 38. Rb1 0-1


[Site "http://www.Chess.com"]

[Event "FIDE World Rapid Chess Championship 2021"]
[White "Samunenkov, Ihor"]
[Black "Gabuzyan, Hovhannes"]
[WhiteFideId "14187086"]
[BlackFideId "13303732"]
[WhiteElo "2259"]
[BlackElo "2535"]
[Result "1-0"]
[Round "13"]
[TimeControl "900+10"]
[Date "2021.12.28"]
[WhiteClock "0:03:07"]
[BlackClock "0:13:17"]

1. d4 Nf6 2. g3 d5 3. Nf3 Bf5 4. c4 c6 5. Nc3 e6 6. Nh4 Be4 7. f3 Bg6 8. Qb3 Qb6 9. c5 Qc7 10. Nxg6 hxg6 11. e4 b6 12. Bf4 Qd8 13. Nxd5 cxd5 14. Bb5+ Nfd7 15. c6 Nxc6 16. Bxc6 dxe4 17. fxe4 Rc8 18. Bb7 g5 19. Bxg5 Qxg5 20. Bxc8 Bb4+ 21. Qxb4 Qe3+ 22. Kd1 Qf3+ 23. Kc2 Qxe4+ 24. Kb3 Qf3+ 25. Qc3 Qd5+ 26. Ka3 Rh5 27. Bxd7+ Kxd7 28. Rac1 Qd6+ 29. b4 1-0


[Site "http://www.Chess.com"]

[Event "FIDE World Rapid Chess Championship 2021"]
[White "Blohberger, Felix"]
[Black "Jumabayev, Rinat"]
[WhiteFideId "1632051"]
[BlackFideId "13702661"]
[WhiteElo "2409"]
[BlackElo "2562"]
[Result "1/2-1/2"]
[Round "13"]
[TimeControl "900+10"]
[Date "2021.12.28"]
[WhiteClock "0:00:34"]
[BlackClock "0:00:20"]

1. d4 d6 2. e4 g6 3. Nf3 Bg7 4. Be3 c6 5. Qd2 Bg4 6. Be2 Nd7 7. c4 e5 8. d5 cxd5 9. cxd5 a6 10. Nc3 h5 11. O-O Bh6 12. Rac1 Bxe3 13. Qxe3 Bxf3 14. Qxf3 Ngf6 15. Rc2 O-O 16. Qe3 Kg7 17. Rfc1 Rc8 18. Qa7 Nc5 19. b4 Ra8 20. Qxa8 Qxa8 21. bxc5 dxc5 22. Na4 Nxe4 23. Nxc5 Nd6 24. a4 Qd8 25. Rb2 e4 26. Nxb7 Nxb7 27. Rxb7 Qxd5 28. Rcc7 Qa5 29. g3 Qxa4 30. Kg2 e3 31. fxe3 Qa2 32. Kf3 Qd5+ 33. e4 Qd2 34. h4 a5 35. Bc4 Qc3+ 36. Kg2 Qc2+ 37. Kf3 a4 38. Bd5 Qd1+ 39. Kf2 Qd2+ 40. Kf3 Qd1+ 41. Kf2 a3 42. Rxf7+ Rxf7+ 43. Rxf7+ Kh6 44. Kg2 g5 45. Rf6+ Kg7 46. hxg5 Qd2+ 47. Kh3 Qxg5 48. Rf7+ Kg6 49. Rf8 Qd2 50. Ra8 Qd3 51. Rg8+ Kf6 52. Rf8+ Ke7 53. Rf7+ Kd6 54. Rf6+ Kc5 55. Rf5 Qe2 56. Rf7 a2 57. Bxa2 Qxa2 58. Rf5+ Kd4 59. Rxh5 Kxe4 60. Rh4+ Ke3 61. Rf4 Qe6+ 62. Kg2 Qd5+ 63. Kh2 Ke2 64. Kg1 Qh5 65. Kg2 Ke3 66. Rf2 Qd5+ 67. Kg1 Qc6 68. Rf4 Qc1+ 69. Kg2 Qd2+ 70. Kg1 Qc2 71. Kh1 Ke2 72. Kg1 Qc5+ 73. Kg2 Qd5+ 74. Kg1 Qd3 75. Kg2 Ke1 76. Kh2 Qe2+ 77. Kg1 Qe3+ 78. Kg2 Qd2+ 79. Kg1 Qe2 80. Kh1 Qh5+ 81. Kg2 Ke2 82. Rf2+ Ke3 83. Rf4 Qh8 84. Rf3+ Ke4 85. Rf4+ Ke5 86. Rh4 Qa8+ 87. Kh2 Qa2+ 88. Kh3 Qf2 89. Rf4 Qg1 90. Kg4 Qg2 91. Kh4 Qh2+ 92. Kg4 Qh1 93. Rf2 Ke4 94. Re2+ Kd3 95. Rf2 Ke3 96. Rf4 Ke2 97. Rf5 Qe4+ 98. Rf4 Qg2 99. Rf5 Qh1 100. Rf4 Ke3 101. Rf5 Qd1+ 102. Kh4 Qd8+ 103. Kh5 Qh8+ 104. Kg4 Qg7+ 105. Kh4 Qh6+ 106. Kg4 Qg6+ 107. Rg5 Qe6+ 108. Kh4 Kf3 109. Kh5 Kg2 110. Rg6 Qh3+ 1/2-1/2


[Site "http://www.Chess.com"]

[Event "FIDE World Rapid Chess Championship 2021"]
[White "Murzin, Volodar"]
[Black "Mikhalevski, Victor"]
[WhiteFideId "44155573"]
[BlackFideId "2801914"]
[WhiteElo "2523"]
[BlackElo "2366"]
[Result "0-1"]
[Round "13"]
[TimeControl "900+10"]
[Date "2021.12.28"]
[WhiteClock "0:01:23"]
[BlackClock "0:10:49"]

1. e4 e5 2. Nf3 Nc6 3. Bc4 Bc5 4. O-O Nf6 5. d3 a5 6. a4 h6 7. Re1 d6 8. Nbd2 Ng4 9. Re2 O-O 10. h3 Nf6 11. Nf1 Nh5 12. Be3 Qf6 13. Bxc5 dxc5 14. Re3 Nf4 15. h4 Nd4 16. g3 Bg4 17. N1h2 Nxf3+ 18. Rxf3 Bxf3 19. Qxf3 Ng6 20. Qxf6 gxf6 21. Ng4 Kg7 22. Ne3 Ne7 23. Rf1 c6 24. h5 Rab8 25. f4 b5 26. axb5 cxb5 27. Ba2 c4 28. dxc4 bxc4 29. Nxc4 Nc6 30. c3 a4 31. Rf2 exf4 32. gxf4 Rb5 33. Nd6 Rxh5 34. Rg2+ Kh8 35. e5 Nd8 36. exf6 Rg8 37. Nxf7+ Nxf7 38. Bxf7 Rxg2+ 39. Kxg2 Rb5 0-1


[Site "http://www.Chess.com"]

[Event "FIDE World Rapid Chess Championship 2021"]
[White "Dziuba, Marcin"]
[Black "Christiansen, Johan-Sebastian"]
[WhiteFideId "1112953"]
[BlackFideId "1512668"]
[WhiteElo "2424"]
[BlackElo "2522"]
[Result "0-1"]
[Round "13"]
[TimeControl "900+10"]
[Date "2021.12.28"]
[WhiteClock "0:02:42"]
[BlackClock "0:06:56"]

1. d4 d5 2. c4 dxc4 3. Nf3 Nf6 4. e3 b5 5. a4 b4 6. Bxc4 e6 7. b3 Be7 8. Bb2 O-O 9. O-O Bb7 10. Nbd2 Nbd7 11. Be2 c5 12. Nc4 Rc8 13. Nfe5 cxd4 14. Bxd4 Nc5 15. Rc1 Nd5 16. Bf3 Ba6 17. Re1 f6 18. e4 Nc3 19. Bxc3 bxc3 20. Ng4 Nd3 21. Nge3 Nxc1 22. Qxc1 Bb4 23. Be2 Qe7 24. h4 Rfd8 25. h5 Bb7 26. Bf3 Rd7 27. Nc2 Rcd8 28. Qf4 Bc5 29. Bg4 Ba6 30. N2e3 Rd4 31. Qf3 Bb7 32. Qh3 Rxe4 33. Rc1 f5 34. Bf3 Rh4 0-1


[Site "http://www.Chess.com"]

[Event "FIDE World Rapid Chess Championship 2021"]
[White "Gajewski, Grzegorz"]
[Black "Nasuta, Grzegorz"]
[WhiteFideId "1116207"]
[BlackFideId "1141686"]
[WhiteElo "2496"]
[BlackElo "2345"]
[Result "1/2-1/2"]
[Round "13"]
[TimeControl "900+10"]
[Date "2021.12.28"]
[WhiteClock "0:00:15"]
[BlackClock "0:00:43"]

1. Nf3 d5 2. g3 c5 3. Bg2 Nf6 4. O-O e6 5. d3 Nc6 6. a4 Be7 7. Bf4 b6 8. Nc3 Bb7 9. e4 O-O 10. e5 Nd7 11. Re1 a6 12. h4 Qc7 13. Ng5 Nd4 14. Nxd5 Bxd5 15. Bxd5 Bxg5 16. hxg5 exd5 17. e6 Qc6 18. exd7 Qxd7 19. c3 Ne6 20. Qg4 d4 21. c4 Qc6 22. Bd2 Rfe8 23. b3 Nf8 24. Rxe8 Rxe8 25. Re1 Rxe1+ 26. Bxe1 Ng6 27. Qf5 a5 28. Bd2 f6 29. gxf6 gxf6 30. f3 Kg7 31. Kf2 Ne5 32. g4 Qe8 33. f4 Nf7 34. Qd5 Qc8 35. Kf3 Nh6 36. f5 Nf7 37. Bf4 h6 38. Kf2 Ng5 39. Kg3 Nf7 40. Qe4 Qd7 41. Kg2 Ng5 42. Bxg5 hxg5 43. Kf3 Kf7 44. Qa8 Qc7 45. Kg2 Qf4 46. Qb7+ Kf8 47. Qf3 Qxf3+ 1/2-1/2


[Site "http://www.Chess.com"]

[Event "FIDE World Rapid Chess Championship 2021"]
[White "Bellahcene, Bilel"]
[Black "Janik, Igor"]
[WhiteFideId "696358"]
[BlackFideId "1159259"]
[WhiteElo "2397"]
[BlackElo "2462"]
[Result "1-0"]
[Round "13"]
[TimeControl "900+10"]
[Date "2021.12.28"]
[WhiteClock "0:01:48"]
[BlackClock "0:08:18"]

1. e4 Nf6 2. e5 Nd5 3. d4 d6 4. Nf3 Bg4 5. Be2 e6 6. O-O Be7 7. h3 Bh5 8. c4 Nb6 9. Be3 O-O 10. Nbd2 Nc6 11. a3 dxe5 12. dxe5 a5 13. Qc2 Nxe5 14. Rad1 Bg6 15. Qc3 Nc6 16. Ne5 Nxe5 17. Qxe5 Bf6 18. Qg3 Qe7 19. Bf4 e5 20. Be3 Na4 21. Rc1 Nxb2 22. c5 Nd3 23. Bxd3 Bxd3 24. Rfe1 e4 25. Nc4 Bxc4 26. Rxc4 Be5 27. Rxe4 Bxg3 28. Rxe7 Bh4 29. Rxc7 Rab8 30. Rb1 g6 31. g3 Bf6 32. a4 Bc3 33. Rbxb7 Rxb7 34. Rxb7 Rc8 35. Rb6 f6 36. h4 Bb4 37. c6 Kf7 38. Bf4 Be7 39. Kg2 g5 40. hxg5 fxg5 41. Bd2 Ke6 42. Ra6 Bb4 43. Bxb4 axb4 44. Rb6 Kd6 45. Rxb4 Rxc6 46. a5 Kc5 47. Rb7 h6 48. Kh3 Rf6 49. Rb6 Rxf2 50. Rxh6 Ra2 51. Rg6 Kd5 52. Rxg5+ Ke6 53. Rb5 Ra4 54. g4 Kf6 55. Kh4 Ra1 56. Rb6+ Kf7 57. a6 Ra5 58. g5 Ra1 59. Kh5 Rh1+ 60. Kg4 Ra1 61. g6+ Kg7 62. Kf5 Ra5+ 63. Ke4 Kh6 64. Kd4 Kg7 65. Kc4 Ra1 66. Kc5 Rc1+ 67. Kd5 1-0


[Site "http://www.Chess.com"]

[Event "FIDE World Rapid Chess Championship 2021"]
[White "Faizrakhmanov, Ramil"]
[Black "Teclaf, Pawel"]
[WhiteFideId "24103209"]
[BlackFideId "1185934"]
[WhiteElo "2461"]
[BlackElo "2345"]
[Result "1-0"]
[Round "13"]
[TimeControl "900+10"]
[Date "2021.12.28"]
[WhiteClock "0:00:35"]
[BlackClock "0:00:00"]

1. d4 e6 2. c4 b6 3. Nf3 Bb7 4. g3 Nf6 5. Bg2 g6 6. Nc3 Bg7 7. d5 exd5 8. cxd5 O-O 9. O-O Re8 10. Nd4 Na6 11. e3 h5 12. h3 Nb4 13. Qb3 Nd3 14. Rd1 Nc5 15. Qc2 a5 16. b3 d6 17. Bb2 Qd7 18. a3 h4 19. g4 Na6 20. Rac1 Rac8 21. Qe2 Nc5 22. b4 axb4 23. axb4 Nce4 24. Nxe4 Nxe4 25. Nc6 Bh6 26. Bxe4 Rxe4 27. Qf3 f5 28. gxf5 Qxf5 29. Qxf5 gxf5 30. Rd4 Rce8 31. Rxe4 Rxe4 32. Nd4 f4 33. f3 Rxe3 34. Nf5 Rxf3 35. Nxh6+ Kf8 36. Rxc7 Bxd5 37. Nf5 Rxh3 38. Bg7+ Ke8 39. Bf6 Kf8 40. Nxd6 Kg8 41. Rg7+ Kf8 42. Rh7 Rg3+ 43. Kf2 h3 44. Rh8+ Bg8 45. Nf5 Rg6 46. Be5 Rg5 47. Bd6+ Ke8 48. Nh6 Rh5 49. Rxg8+ Kd7 50. Bxf4 h2 51. Rg7+ Kc8 52. Rc7+ Kd8 53. Nf7+ Ke8 54. Nd6+ Kd8 55. Nb7+ Ke8 56. Bxh2 Rxh2+ 57. Ke3 Rb2 58. b5 Rb3+ 59. Kd4 Rb1 60. Rh7 Rb2 61. Kc4 Rb1 62. Nd6+ Kd8 63. Ne4 Rd1 64. Nc3 Rd6 65. Nd5 Rg6 66. Rf7 Rh6 67. Rf6 Rh4+ 68. Kd3 Rh3+ 69. Kd4 1-0


[Site "http://www.Chess.com"]

[Event "FIDE World Rapid Chess Championship 2021"]
[White "Wieczorek, Oskar"]
[Black "Erdos, Viktor"]
[WhiteFideId "1133950"]
[BlackFideId "719978"]
[WhiteElo "2367"]
[BlackElo "2601"]
[Result "1/2-1/2"]
[Round "13"]
[TimeControl "900+10"]
[Date "2021.12.28"]
[WhiteClock "0:16:54"]
[BlackClock "0:13:24"]

1. e4 e5 2. Nf3 Nc6 3. Nc3 Nf6 4. a3 d5 5. Bb5 Nxe4 6. Qe2 Qd6 7. Nxe4 dxe4 8. Qxe4 Bd7 9. d4 O-O-O 10. dxe5 Nxe5 11. Bxd7+ Qxd7 12. O-O Nxf3+ 13. Qxf3 1/2-1/2


[Site "http://www.Chess.com"]

[Event "FIDE World Rapid Chess Championship 2021"]
[White "Klekowski, Maciej"]
[Black "Jakubowski, Krzysztof"]
[WhiteFideId "1132717"]
[BlackFideId "1112848"]
[WhiteElo "2528"]
[BlackElo "2399"]
[Result "1/2-1/2"]
[Round "13"]
[TimeControl "900+10"]
[Date "2021.12.28"]
[WhiteClock "0:14:41"]
[BlackClock "0:12:17"]

1. c4 e6 2. Nf3 d5 3. g3 dxc4 4. Qa4+ Nd7 5. Qxc4 c5 6. Bg2 a6 7. Qb3 Ra7 8. a4 b6 9. d4 Bb7 10. O-O Ngf6 11. Rd1 Qa8 1/2-1/2


[Site "http://www.Chess.com"]

[Event "FIDE World Rapid Chess Championship 2021"]
[White "Lima, Darcy"]
[Black "Thybo, Jesper Sondergaard"]
[WhiteFideId "2100045"]
[BlackFideId "1438832"]
[WhiteElo "2505"]
[BlackElo "2401"]
[Result "1/2-1/2"]
[Round "13"]
[TimeControl "900+10"]
[Date "2021.12.28"]
[WhiteClock "0:00:25"]
[BlackClock "0:00:28"]

1. d4 Nf6 2. c4 g6 3. Nc3 d5 4. Nf3 Bg7 5. Bg5 Ne4 6. cxd5 Nxg5 7. Nxg5 e6 8. Nf3 exd5 9. e3 a5 10. Be2 O-O 11. O-O c6 12. a3 Qd6 13. Na4 Bf5 14. Bd3 Bg4 15. h3 Bxf3 16. Qxf3 Nd7 17. Rac1 b6 18. Rc2 c5 19. Bb5 Rab8 20. dxc5 Nxc5 21. Rd1 Rbd8 22. Rcd2 Nxa4 23. Bxa4 Qf6 24. Qxf6 Bxf6 25. Bc6 d4 26. exd4 Rc8 27. d5 Be5 28. Kf1 Bd6 29. Ke2 Rfd8 30. Rc2 Bc5 31. Rc4 Rc7 32. b4 Re7+ 33. Kf3 axb4 34. axb4 Bd6 35. Ra1 Rb8 36. b5 Kf8 37. g3 h5 38. h4 Rc8 39. Rca4 Re5 40. Ra7 Bc5 41. R1a2 Rd8 42. Re2 Rxe2 43. Kxe2 Rd6 44. f4 Rd8 45. Kf3 Kg7 46. Bd7 Kf6 47. Ke4 Rb8 48. Bc6 Rd8 49. Kf3 Kg7 50. Ke2 Kf6 51. Kf1 Kg7 52. Kg2 Kf6 53. Kf3 Kg7 54. Rc7 Bd6 55. Rb7 Bc5 56. Ra7 Kf6 57. Ke4 Bf2 58. Ra3 Bc5 59. Rf3 Rg8 60. Rd3 Ke7 61. Rd2 Kd6 62. Ra2 f5+ 63. Kd3 Rg7 64. Re2 Re7 65. Be8 Bf2 66. Rxe7 Kxe7 67. Bxg6 Bxg3 68. Ke3 Kf6 69. Bxh5 Bxh4 70. Bd1 Ke7 71. Bc2 Kd6 1/2-1/2


[Site "http://www.Chess.com"]

[Event "FIDE World Rapid Chess Championship 2021"]
[White "Kolosowski, Mateusz"]
[Black "Kantor, Gergely"]
[WhiteFideId "1129708"]
[BlackFideId "751499"]
[WhiteElo "2371"]
[BlackElo "2454"]
[Result "0-1"]
[Round "13"]
[TimeControl "900+10"]
[Date "2021.12.28"]
[WhiteClock "0:00:38"]
[BlackClock "0:01:46"]

1. e4 Nc6 2. Nf3 d6 3. d4 Nf6 4. Nc3 g6 5. h3 Bg7 6. Be2 O-O 7. O-O a6 8. Bg5 b5 9. a3 h6 10. Be3 Bb7 11. Qd2 Kh7 12. Rad1 e6 13. Qc1 Ne7 14. e5 Nfd5 15. Nxd5 Bxd5 16. Bf4 Nf5 17. b3 Rb8 18. Rfe1 Qd7 19. g4 Ne7 20. Qe3 Ba8 21. c4 bxc4 22. bxc4 Rb2 23. Bf1 Rfb8 24. Rd3 d5 25. c5 Bc6 26. Rc3 Bb5 27. Bg2 Ba4 28. Rec1 Ra2 29. c6 Nxc6 30. Bf1 Rbb2 31. Bxa6 Qe8 32. h4 Qa8 33. Bd3 Rxf2 34. Qxf2 Rxf2 35. Kxf2 Kg8 36. Be3 Bf8 37. Kg3 Kg7 38. h5 g5 39. Ng1 Be7 40. Nf3 Kg8 41. Nd2 f6 42. exf6 Bxf6 43. Nb3 e5 44. Rc5 exd4 45. Bf2 Be5+ 46. Kg2 Bf4 47. Rb1 Qf8 48. Rxd5 Ne5 49. Rxd4 Bc6+ 50. Be4 Bxe4+ 51. Rxe4 Qa8 52. Nc5 Nd3 53. Kf3 Nxf2 54. Kxf2 Bd6 55. Nb7 Qxa3 56. Rb5 Bf4 57. Nc5 c6 0-1


[Site "http://www.Chess.com"]

[Event "FIDE World Rapid Chess Championship 2021"]
[White "Szpar, Milosz"]
[Black "Carlsson, Pontus"]
[WhiteFideId "1184989"]
[BlackFideId "1705814"]
[WhiteElo "2315"]
[BlackElo "2436"]
[Result "1-0"]
[Round "13"]
[TimeControl "900+10"]
[Date "2021.12.28"]
[WhiteClock "0:03:54"]
[BlackClock "0:00:12"]

1. e4 c5 2. Nf3 d6 3. d4 Nf6 4. Nc3 cxd4 5. Nxd4 g6 6. Bc4 Bg7 7. O-O O-O 8. h3 Nc6 9. Nf3 Na5 10. Bb3 b6 11. Re1 Bb7 12. Bg5 h6 13. Bf4 Rc8 14. Qe2 Rxc3 15. bxc3 Nxe4 16. Rac1 e6 17. Qd3 d5 18. Qe3 g5 19. Be5 f6 20. Bh2 f5 21. Be5 Bxe5 22. Nxe5 Qc7 23. Qd4 Rc8 24. Re3 Qc5 25. Qd1 Nf6 26. h4 f4 27. hxg5 hxg5 28. Rh3 Qc7 29. Qd4 Qg7 30. Re1 Re8 31. g3 Nc4 32. Nxc4 dxc4 33. Bxc4 Nd5 34. Re5 Rd8 35. Rxg5 Qxg5 36. Qh8+ Kf7 37. Rh7+ Kg6 38. Bd3+ 1-0


[Site "http://www.Chess.com"]

[Event "FIDE World Rapid Chess Championship 2021"]
[White "Nevednichy, Vladislav"]
[Black "Kuzmicz, Krystian"]
[WhiteFideId "1205730"]
[BlackFideId "1119125"]
[WhiteElo "2425"]
[BlackElo "2314"]
[Result "0-1"]
[Round "13"]
[TimeControl "900+10"]
[Date "2021.12.28"]
[WhiteClock "0:01:21"]
[BlackClock "0:01:06"]

1. e4 c5 2. Nf3 e6 3. d4 cxd4 4. Nxd4 Nf6 5. Nc3 Nc6 6. a3 d6 7. Nb3 Be7 8. f4 O-O 9. Bd3 e5 10. O-O exf4 11. Bxf4 Be6 12. Kh1 Ne5 13. Nd4 Qb6 14. Nf5 Bxf5 15. exf5 Qxb2 16. Nb5 Nxd3 17. Qxd3 Rfc8 18. c4 Ng4 19. Qf3 Ne5 20. Bxe5 dxe5 21. Qxb7 Bf8 22. Rab1 Qe2 23. Rbc1 a6 24. Rfe1 Qf2 25. Nc3 Bxa3 26. Ne4 Qxf5 27. Ra1 Bf8 28. Rf1 Qg6 29. Ng3 Rab8 30. Qd5 Rc5 31. Qd7 a5 32. Rac1 Rbc8 33. Nf5 Qe6 34. Qxe6 fxe6 35. Ne3 a4 36. Ra1 Ra5 37. Ra2 a3 38. g3 Bc5 39. Nc2 Rd8 40. Na1 Rd3 41. Re1 Bd4 42. Kg2 Bb2 43. Re2 Rc5 44. Rc2 e4 45. Kf2 Rf5+ 46. Kg2 e3 0-1


[Site "http://www.Chess.com"]

[Event "FIDE World Rapid Chess Championship 2021"]
[White "Cuenca Jimenez, Jose Fernando"]
[Black "Petrovskyi, Vadym"]
[WhiteFideId "2255570"]
[BlackFideId "14165210"]
[WhiteElo "2421"]
[BlackElo "2282"]
[Result "1-0"]
[Round "13"]
[TimeControl "900+10"]
[Date "2021.12.28"]
[WhiteClock "0:00:35"]
[BlackClock "0:01:26"]

1. d4 Nf6 2. c4 e6 3. Nf3 Bb4+ 4. Bd2 Qe7 5. g3 O-O 6. Bg2 Nc6 7. O-O Bxd2 8. Qxd2 d6 9. Nc3 a5 10. Rfe1 e5 11. Nd5 Qd8 12. dxe5 dxe5 13. Rad1 Re8 14. Qc3 Rb8 15. a3 h6 16. b4 axb4 17. axb4 e4 18. Nxf6+ Qxf6 19. Nd4 Nxd4 20. Rxd4 Bf5 21. Red1 e3 22. fxe3 Qe5 23. e4 Bg6 24. c5 Ra8 25. Qd2 Qe6 26. Qf4 Ra2 27. Bf3 Re7 28. Bg4 Qe5 29. Qxe5 Rxe5 30. Bf3 Rb2 31. Rd8+ Kh7 32. R1d4 b6 33. cxb6 cxb6 34. Rb8 b5 35. g4 Rc2 36. Kf2 Rc4 37. Rxc4 bxc4 38. Ke3 c3 39. Rc8 Rb5 40. Rc4 f6 41. Kd3 Bf7 42. Rc7 Be6 43. Kxc3 Kg6 44. Rc5 Rb8 45. h4 Bd7 46. h5+ Kf7 47. e5 fxe5 48. Rxe5 Kf6 49. Rc5 Ke7 50. g5 Kd6 51. gxh6 gxh6 52. Rd5+ Kc7 53. Rd4 Rb5 54. Rd5 Rb8 55. Ra5 Rb6 56. Ra7+ Kd6 57. Rb7 Ra6 58. Kd4 Ra1 59. Rb6+ Kc7 60. Rxh6 Rd1+ 61. Kc3 Bf5 62. Rf6 Bb1 63. b5 Kd7 64. b6 Ke7 65. Rf4 1-0


[Site "http://www.Chess.com"]

[Event "FIDE World Rapid Chess Championship 2021"]
[White "Saraci, Nderim"]
[Black "Klimkowski, Jan"]
[WhiteFideId "6351921"]
[BlackFideId "21856222"]
[WhiteElo "2414"]
[BlackElo "2211"]
[Result "1-0"]
[Round "13"]
[TimeControl "900+10"]
[Date "2021.12.28"]
[WhiteClock "0:01:05"]
[BlackClock "0:01:22"]

1. d4 Nf6 2. Nf3 e6 3. c4 Bb4+ 4. Nbd2 a5 5. g3 b6 6. Bg2 Bb7 7. O-O O-O 8. Qc2 c5 9. Rd1 cxd4 10. Nxd4 Bxg2 11. Kxg2 Qc8 12. b3 Nc6 13. Bb2 Nxd4 14. Bxd4 Qc6+ 15. Nf3 Be7 16. Rac1 d6 17. Kg1 h6 18. a4 e5 19. Bb2 Rad8 20. Ba3 Rd7 21. Nd2 Rfd8 22. e4 Bf8 23. Re1 Qb7 24. Bb2 g6 25. Nb1 Ne8 26. Nc3 Nc7 27. Rcd1 Bg7 28. Nd5 Nxd5 29. Rxd5 Qc6 30. Red1 h5 31. Qd3 Qc7 32. Bc1 Qc6 33. Bg5 Re8 34. Be3 Bf8 35. Rb5 Rb8 36. c5 f5 37. exf5 d5 38. cxb6 e4 39. Qd4 Bg7 40. Qc5 Qxc5 41. Bxc5 gxf5 42. Bd4 Bf8 43. Rxa5 Kf7 44. Rb5 Ra8 45. a5 Rb7 46. Rxd5 Bb4 47. Rxf5+ Kg6 48. Rb5 Rxa5 49. Rxb4 1-0


[Site "http://www.Chess.com"]

[Event "FIDE World Rapid Chess Championship 2021"]
[White "Baum, Jonasz"]
[Black "Nguyen, Thai Dai Van"]
[WhiteFideId "1195360"]
[BlackFideId "358878"]
[WhiteElo "2343"]
[BlackElo "2488"]
[Result "1/2-1/2"]
[Round "13"]
[TimeControl "900+10"]
[Date "2021.12.28"]
[WhiteClock "0:01:52"]
[BlackClock "0:00:49"]

1. d4 d5 2. c4 e6 3. Nf3 Nf6 4. g3 Bb4+ 5. Nc3 O-O 6. Bg2 dxc4 7. O-O Nbd7 8. Qc2 Rb8 9. Rd1 h6 10. Ne5 Nxe5 11. dxe5 Nd7 12. Nb5 a6 13. Qxc4 Nxe5 14. Qb3 Qe7 15. Bf4 Bd7 16. Nxc7 Ng6 17. Nd5 exd5 18. Bxb8 Rxb8 19. Bxd5 Be8 20. Rac1 a5 21. a3 Bd6 22. Qb6 Ne5 23. Qxa5 b6 24. Qd2 Rd8 25. Qc2 h5 26. Qe4 Qf6 27. Qf4 Qe7 28. Qe4 Qf6 29. Qf4 Qe7 30. Qe4 1/2-1/2


[Site "http://www.Chess.com"]

[Event "FIDE World Rapid Chess Championship 2021"]
[White "Krasenkow, Michal"]
[Black "Aziz, Husain"]
[WhiteFideId "1113100"]
[BlackFideId "12100293"]
[WhiteElo "2430"]
[BlackElo "2430"]
[Result "1-0"]
[Round "13"]
[TimeControl "900+10"]
[Date "2021.12.28"]
[WhiteClock "0:09:33"]
[BlackClock "0:08:13"]

1. c4 e6 2. Nc3 d5 3. d4 Nf6 4. cxd5 exd5 5. Bg5 c6 6. e3 Be7 7. Bd3 O-O 8. Qc2 h6 9. Bh4 Ne8 10. Bxe7 Qxe7 11. Nxd5 cxd5 12. Qxc8 Nc6 13. Qf5 Nf6 14. a3 Nxd4 15. Qf4 Ne6 16. Qe5 d4 17. exd4 Rad8 18. Ne2 Rd5 19. Qe3 Qd6 20. Rd1 Rd8 21. Bc4 Nxd4 22. Nxd4 Rxd4 23. Rxd4 Qxd4 24. Qxd4 Rxd4 25. Ba2 Ne4 26. f3 Rd2 27. Bb1 1-0


[Site "http://www.Chess.com"]

[Event "FIDE World Rapid Chess Championship 2021"]
[White "Tologontegin, Semetey"]
[Black "Dragnev, Valentin"]
[WhiteFideId "13800574"]
[BlackFideId "1634852"]
[WhiteElo "2300"]
[BlackElo "2409"]
[Result "1/2-1/2"]
[Round "13"]
[TimeControl "900+10"]
[Date "2021.12.28"]
[WhiteClock "0:00:19"]
[BlackClock "0:02:01"]

1. d4 Nf6 2. Nc3 d5 3. Bf4 c5 4. e3 cxd4 5. exd4 a6 6. Bd3 Nc6 7. Nge2 Bg4 8. f3 Bh5 9. g4 Bg6 10. h4 e6 11. h5 Bxd3 12. Qxd3 Bd6 13. g5 Ng8 14. Bxd6 Qxd6 15. O-O-O Nge7 16. Qd2 O-O-O 17. Nf4 Nf5 18. Nce2 Kb8 19. Kb1 Rhe8 20. g6 hxg6 21. hxg6 f6 22. Rh5 Nfe7 23. Rh7 Rg8 24. Rg1 e5 25. Nh5 Nf5 26. Qd3 Nce7 27. Neg3 Nxd4 28. Nxg7 Rc8 29. N7f5 Ndxf5 30. Nxf5 Qc5 31. Rc1 Nxg6 32. Nh6 Nf4 33. Qb3 Qc6 34. Nxg8 Rxg8 35. Rch1 Rg2 36. a3 Ne6 37. Rc1 d4 38. Rf7 Ng5 39. Rf8+ Ka7 40. Qg8 Qd7 41. Ra8+ Kb6 42. Qf8 Nxf3 43. Rc8 Nd2+ 44. Ka1 Ne4 45. Re1 Qd5 46. Qe7 Ka7 47. Qc7 d3 48. Qb8+ Kb6 49. Qc7+ Ka7 50. cxd3 Qd4 51. Qb8+ Kb6 52. Qc7+ Ka7 53. Rb1 Nd2 54. Qb8+ Kb6 55. Qc7+ Ka7 56. Qb8+ Kb6 57. Rd8 Nb3+ 58. Ka2 Nc1+ 59. Ka1 Nb3+ 60. Ka2 Nc1+ 61. Ka1 Nb3+ 62. Ka2 Nc1+ 63. Ka1 1/2-1/2


[Site "http://www.Chess.com"]

[Event "FIDE World Rapid Chess Championship 2021"]
[White "Dvirnyy, Danyyil"]
[Black "Lopusiewicz, Piotr"]
[WhiteFideId "817570"]
[BlackFideId "1116029"]
[WhiteElo "2550"]
[BlackElo "2197"]
[Result "1/2-1/2"]
[Round "13"]
[TimeControl "900+10"]
[Date "2021.12.28"]
[WhiteClock "0:01:59"]
[BlackClock "0:00:19"]

1. e4 e5 2. Nf3 Nc6 3. Bb5 a6 4. Ba4 Nf6 5. O-O Be7 6. Re1 b5 7. Bb3 O-O 8. c3 d5 9. exd5 Nxd5 10. Nxe5 Nxe5 11. Rxe5 Bb7 12. d4 Bf6 13. Re1 Re8 14. Na3 b4 15. cxb4 Nxb4 16. Bd2 Nd3 17. Rxe8+ Qxe8 18. Be3 Qe4 19. Qf3 Qxf3 20. gxf3 Bxf3 21. Bc4 Nxb2 22. Bf1 c5 23. Rb1 cxd4 24. Bd2 Nd1 25. Rb6 a5 26. Bg2 Bxg2 27. Kxg2 Nc3 28. Bxc3 dxc3 29. Rc6 h6 30. Nb5 Rb8 31. a4 Rd8 32. Nxc3 Bxc3 33. Rxc3 Rd4 34. Ra3 g5 35. h3 Kg7 36. Kf3 Kg6 37. Kg3 Rc4 38. Kf3 f5 39. Kg3 f4+ 40. Kf3 Kf5 41. Rb3 Rxa4 42. Rb5+ Kg6 43. Rb6+ Kh5 44. Ra6 Ra3+ 45. Kg2 g4 46. hxg4+ Kxg4 47. Rxh6 f3+ 48. Kh2 Ra2 49. Rg6+ Kf5 50. Ra6 Kf4 51. Rf6+ Ke4 52. Kg3 Ra3 53. Rf4+ Kd5 54. Rf5+ Ke4 55. Rf4+ Ke5 56. Rc4 Kd5 57. Rf4 a4 58. Rf5+ Kc4 59. Rf4+ Kd5 60. Rf5+ Ke6 61. Rf4 Ke7 62. Rd4 Kf6 63. Rf4+ Ke5 64. Rc4 Kd5 65. Rf4 Kc6 66. Rf6+ Kb5 67. Rf5+ Kb4 68. Rf4+ Kb3 69. Kxf3 Ra1 70. Re4 Rc1 71. Re8 Rc4 72. Kg3 a3 73. f4 a2 74. Re1 Kb2 75. Kg4 Rc1 76. Re2+ Kb3 77. Rxa2 Kxa2 78. Kf5 Kb3 79. Ke6 Kc4 80. f5 Kc5 81. f6 Re1+ 82. Kd7 Rf1 83. Ke7 Kc6 84. f7 Re1+ 85. Kf6 Kd7 86. f8=Q Rf1+ 87. Kg7 Rxf8 88. Kxf8 1/2-1/2


[Site "http://www.Chess.com"]

[Event "FIDE World Rapid Chess Championship 2021"]
[White "Toczek, Grzegorz"]
[Black "Peng, Li Min"]
[WhiteFideId "1106457"]
[BlackFideId "14112620"]
[WhiteElo "2220"]
[BlackElo "2411"]
[Result "0-1"]
[Round "13"]
[TimeControl "900+10"]
[Date "2021.12.28"]
[WhiteClock "0:06:19"]
[BlackClock "0:11:13"]

1. e4 c5 2. Nf3 d6 3. d4 cxd4 4. Nxd4 Nf6 5. Nc3 a6 6. h4 e5 7. Nb3 Be6 8. f4 exf4 9. Bxf4 d5 10. Nd4 Bb4 11. Nxe6 fxe6 12. exd5 Nxd5 13. Bd2 O-O 14. Nxd5 Qxd5 15. Bxb4 Qe4+ 16. Qe2 Qxb4+ 17. c3 Qf4 18. Rh3 Nc6 19. Qf3 Qa4 20. Qe3 Rad8 21. Bd3 Nb4 22. cxb4 Qxb4+ 23. Qd2 Rf1+ 24. Kxf1 Qxd2 25. Bc4 Qf4+ 0-1


[Site "http://www.Chess.com"]